Map: Acropolis LE

Players

TurkeyDano

  • Race: Protoss Protoss
  • League: Master
  • Spawn Location: 5:00

GrimReaperEU - Winner!

  • Race: Protoss Protoss
  • Spawn Location: 11:00

VOD

Have the link to the VOD?

Description

Time

  • Played on: Oct. 20, 2019, 3:12 p.m.
  • Length: 12:06
Show
View Real Time Build Order
Export as new Build Order

TurkeyDano Protoss 

Build Orders:  

Get SALT Encoding   

  12  0:00  Probe  
  13  0:13  Probe  
  14  0:18  Pylon  
  14  0:25  Probe (Chrono Boost)  
  15  0:38  Probe (Chrono Boost), Gateway  
  16  0:43  Probe (Chrono Boost)  
  17  0:52  Probe  
  17  0:53  Assimilator  
  17  0:56  Assimilator  
  18  1:04  Probe  
  19  1:12  Gateway  
  19  1:16  Probe  
  20  1:27  Cybernetics Core  
  20  1:28  Probe  
  21  1:37  Pylon  
  21  1:41  Probe  
  22  1:53  Probe  
  23  2:04  Adept (Chrono Boost)  
  23  2:05  Adept (Chrono Boost), Probe  
  28  2:09  Warp Gate (Chrono Boost)  
  28  2:17  Probe  
  28  2:18  Pylon  
  29  2:24  Stalker  
  31  2:36  Stalker  
  33  2:37  Gateway  
  33  2:47  Robotics Facility  
  33  2:56  Pylon  
  29  3:28  Pylon  
  29  3:37  Immortal  
  31  3:44  Pylon  
  31  3:50  Stalker  
  31  3:53  Stalker  
  33  4:00  Stalker  
  33  4:07  Pylon  
  31  4:13  Warp Prism (Chrono Boost)  
  31  4:16  Stalker  
  35  4:19  Stalker  
  37  4:43  Stalker x3  
  43  4:57  Immortal (Chrono Boost)  
  47  5:09  Stalker x2  
  51  5:18  Zealot  
  41  5:34  Immortal (Chrono Boost)  
  31  5:42  Stalker  
  35  5:44  Stalker  
  37  5:55  Stalker  
  39  6:06  Stalker  
  39  6:08  Zealot  
  43  6:18  Stalker  
  41  6:36  Immortal  
  45  6:43  Adept  
  45  6:44  Adept  
  49  7:13  Probe  
  46  7:17  Warp Prism (Chrono Boost)  
  48  7:30  Nexus  
  48  7:34  Sentry  
  50  7:42  Adept  
  52  7:48  Probe  
  50  8:00  Probe  
  48  8:12  Probe  
  49  8:24  Probe  
  49  8:25  Twilight Council  
  48  8:41  Probe  
  48  8:44  Pylon  
  48  8:45  Pylon  
  49  8:50  Pylon, Sentry  
  49  8:52  Sentry  
  53  9:05  Shield Battery  
  53  9:12  Dark Shrine  
  53  9:14  Sentry x2  
  57  9:21  Shield Battery  
  47  9:49  Stalker x2  
  42  10:00  Probe x2  
  42  10:03  Gateway  
  42  10:05  Gateway  
  35  10:15  Probe  
  35  10:17  Pylon  
  29  10:27  Dark Templar  
  27  10:31  Dark Templar  
  26  10:35  Probe  
  26  10:40  Robotics Facility  
  24  10:44  Probe  
  22  11:00  Dark Templar  
  22  11:04  Probe  
  23  11:07  Probe  
  23  11:08  Forge  
  18  11:16  Probe  
  18  11:19  Probe  
  17  11:28  Probe  
Show
View Real Time Build Order
Export as new Build Order

GrimReaperEU Protoss - Winner!

Build Orders: Blink Stalkers 

Get SALT Encoding   

  12  0:00  Probe  
  13  0:12  Probe  
  14  0:17  Pylon  
  14  0:25  Probe (Chrono Boost)  
  15  0:37  Probe (Chrono Boost), Gateway  
  16  0:44  Probe (Chrono Boost)  
  16  0:47  Assimilator  
  17  0:51  Probe  
  18  0:57  Assimilator  
  18  1:03  Probe (Chrono Boost)  
  19  1:14  Probe (Chrono Boost)  
  19  1:15  Gateway  
  20  1:19  Probe (Chrono Boost)  
  20  1:25  Cybernetics Core  
  21  1:32  Probe  
  22  1:40  Pylon  
  22  1:44  Probe  
  23  1:58  Probe  
  24  2:02  Stalker x2  
  24  2:03  Warp Gate  
  28  2:10  Probe  
  28  2:13  Pylon  
  29  2:34  Pylon  
  29  2:37  Stalker (Chrono Boost)  
  29  2:43  Twilight Council  
  31  2:46  Pylon  
  31  2:54  Probe  
  31  2:57  Shield Battery  
  34  2:59  Stalker (Chrono Boost)  
  33  3:09  Probe  
  32  3:21  Blink  
  33  3:44  Gateway  
  31  4:04  Zealot  
  31  4:05  Zealot  
  35  4:12  Pylon  
  35  4:13  Gateway  
  35  4:25  Zealot x2  
  33  4:45  Stalker x2  
  31  4:46  Stalker  
  31  4:49  Shield Battery  
  33  4:58  Shield Battery  
  29  5:09  Stalker  
  29  5:11  Stalker x2  
  17  5:50  Stalker  
  19  6:00  Stalker  
  21  6:09  Sentry  
  21  6:11  Probe  
  24  6:23  Probe (Chrono Boost)  
  25  6:27  Zealot  
  27  6:35  Probe (Chrono Boost)  
  27  6:37  Zealot  
  30  6:44  Probe (Chrono Boost)  
  31  6:55  Stalker  
  31  6:58  Probe  
  32  7:14  Zealot  
  34  7:29  Probe  
  35  7:31  Zealot x2  
  39  7:43  Zealot  
  41  8:03  Charge (Chrono Boost)  
  39  8:15  Stalker x2  
  43  8:42  Stalker x2  
  43  8:45  Zealot  
  49  8:58  Stalker  
  51  9:08  Stalker  
  53  9:25  Zealot  
  43  9:47  Dark Shrine  
  35  9:57  Stalker  
  33  10:23  Zealot x3  
  39  10:41  Robotics Facility  
  39  11:03  Pylon  
  33  11:23  Dark Templar  
  30  11:28  Observer (Chrono Boost)  
  31  11:44  Pylon  
Tags
 
Composition
Blink Stalkers
League
Master
Matchup
PvP
Spawn Locations
Cross Positions
Add a new tag
Caveats
  • Supply blocks, unpowered buildings, or Contaminate may cause inaccurate times.
  • Supply counts are checked every 10 seconds.